 Dungeon Crawl Stone Soup version 0.18-b1-10-g3f7de93 (webtiles) character file.

4069 Inkary the Grappler (level 10, -3/102 HPs)
             Began as a Troll Fighter on Apr 29, 2016.
             Was an Initiate of Yredelemnul.
             Slain by a bone dragon (14 damage)
             ... on level 1 of the Abyss.
             The game lasted 00:16:05 (5931 turns).

Inkary the Grappler (Troll Fighter)                 Turns: 5931, Time: 00:16:06

Health: -3/102     AC:  0    Str: 27    XL:     10   Next: 5%
Magic:  9/9        EV: 14    Int:  4    God:    Yredelemnul [......]
Gold:   419        SH:  9    Dex: 11    Spells: 0 memorised, 9 levels left

rFire  . . .     SeeInvis .       - Unarmed
rCold  . . .     Gourm    +     a - +0 robe
rNeg   . . .     Faith    .     b - +0 shield
rPois  .         Spirit   .     (helmet restricted)
rElec  .         Dismiss  .     (no cloak)
rCorr  .         Reflect  .     (gloves unavailable)
SustAt .         Harm     .     (boots unavailable)
MR     .....                    (no amulet)
Stlth  +.........               m - +3 ring of protection
                                p - +3 ring of evasion

@: corroded, non-regenerating, diseased, not resistant to hostile enchantments,
very unstealthy
A: unfitting armour, claws 3, fast metabolism 3, gourmand, regeneration 2,
shaggy fur 1, tough skin 2
a: Renounce Religion


You were on level 1 of the Abyss.
You worshipped Yredelemnul.
Yredelemnul was noncommittal.
You were very full.

You visited 1 branch of the dungeon, and saw 7 of its levels.
You visited the Abyss 1 time.

You collected 419 gold pieces.

Inventory:

Armour
 a - a +0 robe (worn)
 b - a +0 shield (worn)
Jewellery
 h - a +3 ring of intelligence
 m - a +3 ring of protection (right claw)
 p - a +3 ring of evasion (left claw)
 q - an uncursed ring of magical power
 y - an uncursed ring of magical power
Wands
 C - a wand of iceblast (8/15)
 D - a wand of iceblast (9/15)
 H - a wand of iceblast (6/15)
Scrolls
 i - a scroll of amnesia
 l - 2 scrolls of teleportation
 o - a scroll of recharging {unknown}
 r - 3 scrolls of fog {unknown}
 w - 2 scrolls of remove curse
 x - a scroll of random uselessness {unknown}
 F - a scroll of identify
Potions
 c - 2 potions of cancellation
 e - 2 potions of beneficial mutation
 f - 2 potions of agility
 g - 3 potions of curing
 n - a potion of magic {unknown}
 s - a potion of ambrosia {unknown}
 t - 2 potions of degeneration {unknown}
 u - a potion of haste {unknown}
 z - a potion of flight {unknown}
 A - 2 potions of might
 B - a potion of cure mutation {unknown}
 E - a potion of brilliance {unknown}
Comestibles
 d - 10 bread rations
 j - 4 meat rations
 k - 5 fruits
 v - a beef jerky


   Skills:
 + Level 7.2 Fighting
 + Level 7.3 Dodging
 - Level 3.6 Shields
 + Level 8.4 Unarmed Combat


You had 9 spell levels left.
You didn't know any spells.

Dungeon Overview and Level Annotations

Branches:
Dungeon (7/15)             Temple (0/1) D:6

Altars:
Elyvilon
Gozag
Makhleb
Nemelex Xobeh
Xom
Yredelemnul
Zin
The Shining One

Shops:
D:6 =

Annotations:
D:7 Joseph, Menkaure


Innate Abilities, Weirdness & Mutations

You are too large for most types of armour.
You have claws for hands.
Your metabolism is lightning-fast.
You like to eat raw meat.
You heal very quickly.
You are covered in fur (AC +1).
You have very tough skin (AC +2).


Message History

The rust devil is almost dead.
You block the rust devil's attack.
You scratch the rust devil but do no damage.
The rust devil is almost dead.
You block the rust devil's attack.
A small abomination comes into view.
You claw the rust devil!
You kill the rust devil!
You have reached level 10!
The bone dragon bites you!!
* * * LOW HITPOINT WARNING * * *
The bone dragon claws you.
* * * LOW HITPOINT WARNING * * *
The bone dragon barely misses you.
Your shield prevents you from hitting the bone dragon.
The bone dragon bites you!
* * * LOW HITPOINT WARNING * * *
You block the bone dragon's attack. The bone dragon tramples you!
You die...
Your body rises from the dead as a mindless zombie.

...#...# ..#.. . ....
. .....# ...#.# ###.
... #..##x# ##@D.###
## ###..#.#.##... . .
#.#...#.....#. #.#. #
#....#.........
.#....#..##...#.##...
.##.#.......#... ..
.. .#..#.#.....#.#
#.#.#.#.#..#...#....
. #.#.......####.


You could see a bone dragon and a small abomination.

Vanquished Creatures
  The ghost of Inkary the Ruffian, a novice TrFi of Yredelemnul (D:7)
  The ghost of Inkary the Ruffian, a novice TrFi (D:5)
  Pikel (D:6)
  A rust devil (Abyss:1)
  An ancient zyme (Abyss:1)
  Grinder (D:4)
  A spriggan (D:7)
  A neqoxec (Abyss:1)
  The ghost of Inkary the Ducker, an amateur TrFi (D:3)
  2 ice beasts (D:4)
  An orc warrior (D:6)
  A phantom (D:6)
  3 centaurs
  A scorpion (D:7)
  A giant frog zombie (D:6)
  A centaur zombie (D:5)
  2 orc priests (D:6)
  A hound (D:7)
  A jelly (D:6)
  A giant frog skeleton (D:4)
  4 orc wizards
  An iron imp (Abyss:1)
  A centaur skeleton (D:5)
  Natasha (thrice) (D:4)
  An iguana (D:6)
  4 worker ants
  A hound skeleton (D:6)
  A worker ant zombie (D:5)
  8 adders
  A shadow imp (D:6)
  A worm (D:5)
  2 dart slugs (D:1)
  5 giant geckos
  18 orcs
  A giant cockroach (D:3)
  2 gnoll zombies (D:4)
  A goblin (D:1)
  6 hobgoblins
  11 jackals
  3 quokkas
  2 ball pythons
  6 bats
  A giant gecko skeleton (D:5)
  7 giant newts
  7 kobolds
  6 rats
  A butterfly (D:6)
129 creatures vanquished.

Vanquished Creatures (others)
  4 slaves (D:6)
  An orc wizard (D:6)
  An orc (D:6)
  A butterfly (D:6)
7 creatures vanquished.

Grand Total: 136 creatures vanquished

Notes
Turn   | Place    | Note
--------------------------------------------------------------
     0 | D:1      | Inkary the Troll Fighter began the quest for the Orb.
     0 | D:1      | Reached XP level 1. HP: 22/22 MP: 0/0
   136 | D:1      | Reached XP level 2. HP: 18/29 MP: 1/1
   358 | D:1      | Reached XP level 3. HP: 36/36 MP: 2/2
   691 | D:2      | Found a shimmering altar of Xom.
   691 | D:2      | Found a burning altar of Makhleb.
  1351 | D:3      | Noticed Inkary's ghost (amateur TrFi)
  1368 | D:3      | Killed Inkary's ghost
  1368 | D:3      | Reached XP level 4. HP: 13/45 MP: 3/3
  1455 | D:3      | Reached skill level 3 in Unarmed Combat
  1462 | D:3      | Reached XP level 5. HP: 53/53 MP: 4/4
  2315 | D:3      | You fall through a shaft for 3 floors!
  2315 | D:6      | Found a sparkling altar of Nemelex Xobeh.
  2315 | D:6      | Found an opulent altar of Gozag.
  2315 | D:6      | Noticed a centaur
  2324 | D:6      | Killed a centaur
  2324 | D:6      | Reached XP level 6. HP: 50/61 MP: 5/5
  2498 | D:6      | Reached skill level 4 in Unarmed Combat
  2579 | D:5      | Entered Level 5 of the Dungeon
  2598 | D:5      | Reached XP level 7. HP: 65/70 MP: 6/6
  2718 | D:4      | Found a basalt altar of Yredelemnul.
  2974 | D:4      | Became a worshipper of Yredelemnul the Dark
  3119 | D:4      | Noticed Natasha
  3131 | D:4      | Killed Natasha
  3146 | D:4      | Noticed Grinder
  3166 | D:4      | Killed Grinder
  3397 | D:4      | Noticed Natasha
  3406 | D:4      | Killed Natasha
  3433 | D:4      | Noticed Natasha
  3438 | D:4      | Killed Natasha
  3438 | D:4      | Reached skill level 5 in Unarmed Combat
  3556 | D:4      | Reached skill level 5 in Dodging
  3556 | D:4      | Reached XP level 8. HP: 79/79 MP: 7/7
  3703 | D:5      | Reached skill level 5 in Fighting
  3798 | D:5      | Noticed Inkary's ghost (novice TrFi)
  3818 | D:5      | Killed Inkary's ghost
  3818 | D:5      | Reached skill level 6 in Unarmed Combat
  3845 | D:5      | Found a glowing golden altar of the Shining One.
  3845 | D:5      | Found a white marble altar of Elyvilon.
  3846 | D:5      | Found a glowing silver altar of Zin.
  4380 | D:6      | Found a staircase to the Ecumenical Temple.
  4411 | D:6      | Found Menuitin's Jewellery Shoppe.
  4593 | D:6      | Noticed Pikel
  4630 | D:6      | Killed Pikel
  4630 | D:6      | Reached skill level 7 in Unarmed Combat
  4630 | D:6      | Reached XP level 9. HP: 87/89 MP: 8/8
  5299 | D:7      | Noticed Inkary's ghost (novice TrFi)
  5604 | D:7      | Killed Inkary's ghost
  5636 | D:7      | Reached skill level 8 in Unarmed Combat
  5667 | D:7      | Noticed Menkaure
  5809 | D:7      | Noticed Joseph
  5821 | D:7      | Cast into level 1 of the Abyss (Joseph)
  5821 | Abyss:1  | Found a corrupted altar of Lugonu.
  5878 | Abyss:1  | Found a corrupted altar of Lugonu.
  5904 | Abyss:1  | Noticed an ancient zyme
  5919 | Abyss:1  | Noticed a bone dragon
  5920 | Abyss:1  | Noticed a rust devil
  5920 | Abyss:1  | Killed an ancient zyme
  5928 | Abyss:1  | Killed a rust devil
  5928 | Abyss:1  | Reached XP level 10. HP: 47/102 MP: 9/9
  5931 | Abyss:1  | Slain by a bone dragon

Skill      XL: |  1  2  3  4  5  6  7  8  9 |
---------------+----------------------------+-----
Fighting       | 3 4 6 7 |  7.2
Dodging        | 3 4 5 6 7 |  7.3
Shields        | 3 |  3.6
Unarmed Combat | 3 4 5 7 8 |  8.4

Action                   |  1- 3 |  4- 6 |  7- 9 | 10-12 || total
-------------------------+-------+-------+-------+-------++-------
Melee: Unarmed           |   117 |   145 |   244 |     1 ||   507
  Use: Potion            |     1 |     1 |     1 |       ||     3
       Scroll            |       |       |     8 |       ||     8
 Stab: Sleeping          |     1 |       |     1 |       ||     2
  Eat: Chunk             |    11 |    19 |    28 |       ||    58
       Beef jerky        |       |       |     1 |       ||     1
Armor: Robe              |    33 |    43 |    36 |       ||   112
Dodge: Dodged            |    44 |    44 |    76 |     1 ||   165
Block: Shield            |    66 |    45 |    88 |     1 ||   200
